 Dungeon Crawl Stone Soup version 0.32-a0-898-g7811c86cf0 (webtiles) character file.

Game seed: 16642905067905637760

1755458 Kenran the Middleweight Champion (level 27, 273/273 HPs)
             Began as a Minotaur Alchemist on Apr 3, 2024.
             Was the Champion of Wu Jian.
             Escaped with the Orb
             ... and 3 runes on Apr 4, 2024!
             The game lasted 02:13:35 (65515 turns).

Kenran the Middleweight Champion (MiAl)            Turns: 65515, Time: 02:13:36

Health: 273/273    AC: 37    Str: 30    XL:     27
Magic:  24/24      EV: 15    Int: 25    God:    Wu Jian [******]
Gold:   5319       SH: 24    Dex: 12    Spells: 27/28 levels left

rFire   + .          .
                       - Unarmed
rCold   + + .        a - +0 tower shield {reflect}
rNeg    . . .        f - +4 plate armour {rF+}
rPois   +            (helmet restricted)
rElec   +            P - +2 cloak {rCorr}
rCorr   +            q - +2 pair of gloves {Str+3}
SInv    .            C - +1 pair of boots of the Quahog {+Blink Str+2}
Will    +++..        z - amulet of Beczah {Spirit rElec rC+ Str+3 Int+3 Clar} Stlth
                     k - ring of Mileqari {^Drain Will++ Int+6 Slay+5}
HPRegen 0.65/turn    B - ring of Izyomm {Wiz rElec rPois rC+ Will-}
MPRegen 0.19/turn

%: reflection, clarity, guardian spirit, wizardry (x1)
@: studying Spellcasting
A: horns 2, retaliatory headbutt, clarity, clever 1, weak 1
0: Orb of Zot
}: 3/15 runes: decaying, serpentine, silver
a: Renounce Religion, Evoke Blink, Wall Jump, Serpent's Lash, Heavenly Storm


You escaped.
You worshipped Wu Jian.
Wu Jian was exalted by your worship.
You visited 10 branches of the dungeon, and saw 48 of its levels.
You also visited: Ossuary, Bailey, Gauntlet, Ice Cave and Desolation.

You collected 9565 gold pieces.
You spent 4246 gold pieces at shops.

Inventory:

Hand Weapons
 U - the +4 consecrated labrys {holy, Valiant ^Fragile Fly SInv}
   (You found it on level 1 of the Orcish Mines)

   Valiant:   It becomes more powerful as more dangerous foes come into view.
   SInv:      It lets you see invisible.
   Fly:       It grants you flight.
   ^Fragile:  It will be destroyed if unequipped.
Armour
 a - a +0 tower shield of reflection (worn)
 f - a +4 plate armour of fire resistance (worn)
 q - a +2 pair of gloves of strength (worn)
 C - the +1 pair of boots of the Quahog (worn) {+Blink Str+2}
   (You found it in the Desolation of Salt)

   Str+2:     It affects your strength (+2).
   +Blink:    It lets you blink.
 P - a +2 cloak of preservation (worn)
Jewellery
 k - the ring of Mileqari (left hand) {^Drain Will++ Int+6 Slay+5}
   (You found it in the Desolation of Salt)

   [ring of intelligence]

   Int+6:     It affects your intelligence (+6).
   Slay+5:    It affects your accuracy & damage with ranged weapons and melee
   (+5).
   Will++:    It greatly increases your willpower.
   ^Drain:    It drains your maximum health when unequipped.
 z - the amulet of Beczah (around neck) {Spirit rElec rC+ Str+3 Int+3 Clar}
   (You bought it in a shop on level 1 of the Snake Pit)

   [amulet of guardian spirit]

   Spirit:    It causes incoming damage to be divided between your reserves of
   health and magic.
   Str+3:     It affects your strength (+3).
   Int+3:     It affects your intelligence (+3).
   rC+:       It protects you from cold.
   rElec:     It insulates you from electricity.
   Clar:      It protects you from confusion, rage, mesmerisation and fear.
 B - the ring of Izyomm (right hand) {Wiz rElec rPois rC+ Will-}
   (You acquired it on level 10 of the Dungeon)

   [ring of wizardry]

   Wiz:       It improves your spell success rate.
   rC+:       It protects you from cold.
   rElec:     It insulates you from electricity.
   rPois:     It protects you from poison.
   Will-:     It decreases your willpower.
 J - a ring of see invisible
 O - the amulet "Ceclaod" {rPois rC- Will+++ Regen+ Dex-2}
   (You found it on level 5 of the Vaults)

   [amulet of regeneration]

   Dex-2:     It affects your dexterity (-2).
   rC-:       It makes you vulnerable to cold.
   rPois:     It protects you from poison.
   Will+++:   It greatly increases your willpower.
   Regen+:    It increases your rate of health regeneration.
Talismans
 u - a granite talisman
Wands
 d - a wand of paralysis (82)
 h - a wand of iceblast (36)
 t - a wand of digging (17)
 E - a wand of mindburst (51)
 F - a wand of flame (92)
 G - a wand of light (50)
 S - a wand of polymorph (19)
Scrolls
 i - 6 scrolls of butterflies
 m - 29 scrolls of identify {@r1}
 n - 2 scrolls of blinking
 o - 3 scrolls of revelation
 r - 8 scrolls of fog
 w - 18 scrolls of teleportation
 y - 7 scrolls of fear
 H - 6 scrolls of poison
 L - 8 scrolls of silence
 M - 9 scrolls of immolation {!r}
Potions
 b - 6 potions of magic
 c - 11 potions of mutation {!q}
 e - 6 potions of ambrosia
 g - 21 potions of curing {@q1}
 j - 17 potions of might
 l - 3 potions of berserk rage {!q}
 p - 9 potions of attraction {!q}
 s - 12 potions of heal wounds {@q2}
 v - 9 potions of haste
 x - 2 potions of enlightenment
 A - 5 potions of invisibility
 I - 8 potions of lignification {!q}
 T - 8 potions of resistance
 Z - 3 potions of cancellation
Miscellaneous
 D - a condenser vane
 K - a Gell's gravitambourine (2/2)
 R - a phantom mirror
 V - a lightning rod (4/4)
 W - a box of beasts


   Skills:
 O Level 27 Fighting
 O Level 27 Armour
 + Level 17.7 Dodging
 - Level 1.5 Stealth
 + Level 26.4 Shields
 O Level 27 Unarmed Combat
 - Level 1.3 Spellcasting
 - Level 0.6 Conjurations
 - Level 2.1 Alchemy
 - Level 15.0 Evocations


You had 27 spell levels left.
You knew the following spells:

 Your Spells              Type           Power      Damage    Failure   Level
a - Sting                 Conj/Alch      32%        1d5       8%          1

Your spell library contained the following spells:

 Spells                   Type           Power      Damage    Failure   Level
 Apportation              Tloc           2%         N/A       13%         1
 Freeze                   Ice            4%         1d3       13%         1
 Necrotise                Necr           4%         1d4       13%         1
 Slow                     Hex            4%         N/A       13%         1
 Summon Small Mammal      Summ           4%         N/A       13%         1
 Mercury Vapours          Alch/Air       14%        N/A       13%         2
 Cigotuvi's Dreadful Rot  Necr/Alch/Air  10%        N/A       16%         2
 Momentum Strike          Conj/Tloc      6%         3d8       17%         2
 Static Discharge         Conj/Air       6%         3-4/arc   17%         2
 Ensorcelled Hibernation  Hex/Ice        2%         N/A       21%         2
 Scorch                   Fire           2%         2d5       21%         2
 Mephitic Cloud           Conj/Alch/Air  6%         N/A       26%         3
 Dazzling Flash           Conj/Hex       6%         N/A       32%         3
 Hailstorm                Conj/Ice       3%         3d5       32%         3
 Confusing Touch          Hex            1%         N/A       36%         3
 Inner Flame              Hex/Fire       1%         N/A       36%         3
 Ozocubu's Armour         Ice            1%         N/A       36%         3
 Passwall                 Erth           1%         N/A       36%         3
 Summon Ice Beast         Ice/Summ       1%         N/A       36%         3
 Swiftness                Air            1%         N/A       36%         3
 Tukima's Dance           Hex            1%         N/A       36%         3
 Vampiric Draining        Necr           1%         2d6       36%         3
 Olgreb's Toxic Radiance  Alch           12%        N/A       45%         4
 Leda's Liquefaction      Alch/Erth      3%         N/A       61%         4
 Petrify                  Alch/Erth      7%         N/A       61%         4
 Sticky Flame             Fire/Alch      7%         2d4       61%         4
 Flame Wave               Conj/Fire      3%         2d5       71%         4
 Iskenderun's Mystic Bla Conj/Tloc 3%             2d3        (+2d1     71%         4
 Anguish                  Hex/Necr       0%         N/A       75%         4
 Cause Fear               Hex            0%         N/A       75%         4
 Dimensional Bullseye     Hex/Tloc       0%         N/A       75%         4
 Dispel Undead            Necr           1%         3d6       75%         4
 Martyr's Knell           Necr/Summ      1%         N/A       75%         4
 Alistair's Intoxication  Alch           8%         N/A       80%         5
 Iskenderun's Battlesphe  Conj           4%         2d6       94%         5
 Arcjolt                  Conj/Air       1%         1d11      96%         5
 Fireball                 Conj/Fire      1%         3d3       96%         5
 Borgnjor's Vile Clutch   Necr/Erth      0%         N/A       97%         5
 Curse of Agony           Necr           1%         N/A       97%         5
 Lee's Rapid Deconstruct  Erth           0%         3d4*      97%         5
 Metabolic Englaciation   Hex/Ice        0%         N/A       97%         5
 Silence                  Hex/Air        0%         N/A       97%         5
 Summon Forest            Summ/Tloc      0%         N/A       97%         5
 Summon Mana Viper        Hex/Summ       1%         N/A       97%         5
 Bombard                  Conj/Erth      1%         9d1       100%        6
 Dispersal                Tloc           0%         N/A       100%        6
 Eringya's Noxious Bog    Alch           6%         4d6       100%        6
 Gell's Gavotte           Tloc           0%         2d(11-16) 100%        6
 Permafrost Eruption      Ice/Erth       0%         2x4d1     100%        6
 Plasma Beam              Fire/Air       0%         2x1d10    100%        6
 Sculpt Simulacrum        Ice/Alch       3%         N/A       100%        6
 Summon Cactus Giant      Summ           0%         N/A       100%        6
 Enfeeble                 Hex            0%         N/A       100%        7
 Malign Gateway           Summ/Tloc      0%         N/A       100%        7
 Manifold Assault         Tloc           0%         N/A       100%        7
 Monstrous Menagerie      Summ           0%         N/A       100%        7
 Ozocubu's Refrigeration  Ice            0%         4d7       100%        7
 Spellforged Servitor     Conj/Summ      1%         N/A       100%        7
 Summon Hydra             Summ           0%         N/A       100%        7
 Discord                  Hex            0%         N/A       100%        8
 Disjunction              Tloc           0%         N/A       100%        8
 Dragon's Call            Summ           0%         N/A       100%        9
 Polar Vortex             Ice            0%         N/A       100%        9


Dungeon Overview and Level Annotations

Branches:
Dungeon (15/15)            Temple (1/1) D:5            Lair (5/5) D:10
  Swamp (4/4) Lair:2        Snake (4/4) Lair:3        Slime (0/5) Lair:5
    Orc (2/2) D:11            Elf (3/3) Orc:2        Vaults (5/5) D:14
  Crypt (0/3) Vaults:2     Depths (4/4) D:15            Zot (5/5) Depths:4
Ossuary (visited)          Bailey (visited)           IceCv (visited)
Desolation (visited)      Gauntlet (visited)

Altars:
Ashenzari
Cheibriados
Dithmenos
Elyvilon
Fedhas
Gozag
Hepliaklqana
Kikubaaqudgha
Makhleb
Nemelex Xobeh
Okawaru
Qazlal
Ru
Sif Muna
Trog
Uskayaw
Vehumet
Wu Jian
Xom
Yredelemnul
Zin
The Shining One
Jiyva

Shops:
D:7 [*   Orc:1 [*(!=   Orc:2 (!*:[   Elf:2 =   Snake:1 *[   Vaults:1 (
Vaults:2 [   Vaults:5 [[*

Portals:
Hell: Depths:1 Depths:2 Depths:3 Depths:4
Abyss: Depths:1 Depths:2 Depths:3
Pandemonium: Depths:2
Ziggurat: Depths:4

Annotations:
D:6 2 transporters, hattey's ghost, novice HuWn
D:15 3 runed translucent doors, Pesehast's ghost, journeyman DrMo
Lair:4 3 runed translucent doors, ouz's ghost, journeyman MDFi
Swamp:1 2 transporters, kuniqs's ghost, adept DEHs
Snake:2 3 runed translucent doors, Busheng's ghost, adept DESh; Ciar's ghost, adept GrCj; Werheac's ghost, adept DEEE; Worr's ghost, journeyman DgHu
Snake:3 1 runed translucent door, Puohiom's ghost, adept KoEn
Elf:2 3 runed translucent doors
Zot:4 exclusion: downstairs


Innate Abilities, Weirdness & Mutations

You have a pair of horns on your head.
You reflexively headbutt those who attack you in melee.
You possess an exceptional clarity of mind.
Your mind is acute. (Int +4, Str/Dex -1)
You are weak. (Str -2)


Message History

There is a stone staircase leading up here.
You climb upwards.
Level annotation: 2 transporters, hattey's ghost, novice HuWn
There is a stone staircase leading down here.
There is a stone staircase leading up here.
You climb upwards.
There is a stone staircase leading down here.
You see here a +0 orcbow.
A reaper comes into view. It is wielding a +2 scythe of venom.
There is a stone staircase leading down here.
You block the reaper's attack.
You spin and attack the reaper repeatedly.
You pummel the reaper like a punching bag!!!
You headbutt the reaper.
The reaper is severely wounded.
You pummel the reaper!!
You kill the reaper!
The Council accepts your kill.
There is a stone staircase leading up here.
You climb upwards.
There is a stone staircase leading down here.
An ice devil comes into view.
There is a stone staircase leading up here.
You climb upwards.
There is a stone staircase leading down here.
You see here a ring of magical power.
There is a stone staircase leading up here.
You climb upwards.
There is a stone staircase leading down here.
There is a stone staircase leading up here.
You climb upwards.
There is a stone staircase leading down here.
A great orb of eyes comes into view.
You lunge at the great orb of eyes, in a flurry of attacks.
You pound the great orb of eyes into fine dust!!!!
You kill the great orb of eyes!
The Council accepts your kill.
There is a fountain of clear blue water here.
There is a staircase leading out of the dungeon here.
You have escaped!

.#####.###..# #..### .......#
#..# #....# ######.###>.####.#.#
#######)..#...##.#.######
#.......................#
#.######...##♣♣♣.♣♣♣##..#
...........# ♣⌠♣ #..#
#.##..##...♣♣♣♣♣.♣♣♣♣♣..#########
#.##..##......⌠.@.⌠.....##.......
#.##..##...♣♣♣♣♣.♣♣♣♣♣..##.######
#.##..###..# ♣⌠♣ #.....####
#.##.>###..##♣♣♣.♣♣♣##..###...###
#.#.....................##.......
..#.#.###.............###....)..#
###.#.####.##..................[#
#.....###.##.###########.......#
#.#.#........# ##....###


There were no monsters in sight!

Vanquished Creatures
  3 dread liches
  5 orbs of fire
  7 ancient liches
  5 juggernauts
  Mara (Depths:1)
  Vv (Zot:3)
  Vashnia (Snake:3)
  Josephina (Zot:3)
  Saint Roka (Vaults:5)
  3 caustic shrikes (Depths:4)
  8 Killer Klowns
  5 curse toes
  9 golden dragons
  Jory (Depths:4)
  4 electric golems
  24 Orb Guardians
  A Hell Sentinel (D:9)
  Asterion (Vaults:3)
  Mlioglotl (Snake:1)
  6 liches
  16 tentacled monstrosities
  A walking earthen tome (Depths:3)
  3 deep elf master archers (Elf:3)
  3 deep elf blademasters (Elf:3)
  5 quicksilver dragons
  10 sphinxes
  5 titans (Vaults:5)
  11 death cobs
  Frances (Snake:1)
  11 shadow dragons
  Aizul (Snake:1)
  18 storm dragons
  6 tengu reavers
  10 fire giants
  4 draconian knights
  5 protean progenitors
  12 frost giants
  5 nagarajas
  5 draconian monks
  4 iron dragons
  7 deep elf sorcerers
  9 draconian shifters
  2 imperial myrmidons (Desolation)
  Louise (D:15)
  17 vault wardens
  8 deep elf elementalists (Elf:3)
  8 draconian scorchers
  2 ghost moths
  2 orc warlords
  A spriggan defender (Depths:1)
  A balrug (Depths:1)
  5 draconian annihilators
  4 formless jellyfish
  2 reapers
  16 very ugly things
  7 draconian stormcallers
  17 ironbound preservers
  18 stone giants
  3 eleionomae (Swamp:3)
  13 ironbound thunderhulks
  3 deep elf death magi (Elf:3)
  12 green draconians
  18 yellow draconians
  17 purple draconians
  11 dire elephants
  13 black draconians
  6 deep elf demonologists
  7 deep elf annihilators
  4 vampire knights
  10 red draconians
  A minotaur (Gauntlet)
  6 bunyips
  2 halazid warlocks (Desolation)
  A war gargoyle (Vaults:5)
  10 white draconians
  8 spark wasps
  19 ettins
  Snorg (D:12)
  5 crystal guardians
  18 fire dragons
  6 deep elf high priests
  2 jiangshi (Depths:2)
  An entropy weaver (Vaults:3)
  2 spriggan zombies (Depths:2)
  10 ragged hierophants (Desolation)
  A shambling mangrove (Swamp:4)
  18 yaktaur captains
  22 hydras
  8 servants of whispers (Desolation)
  7 spriggan air magi
  15 ice dragons
  36 vault guards
  An ogre mage (Vaults:5)
  8 great orbs of eyes
  Fannar (Lair:1)
  4 alligators
  11 peacekeepers
  4 rakshasas
  6 boulder beetles
  2 radroaches (Zot:4)
  12 anacondas
  5 salamander tyrants
  8 ironbound frosthearts
  2 catoblepae (Lair:2)
  4 deep troll shamans
  6 two-headed ogres
  14 dancing weapons
  8 tengu warriors
  9 centaur warriors
  12 death yaks
  4 hell hogs
  19 hell knights
  12 deep troll earth magi
  6 orc high priests
  A vampire mage (Depths:2)
  13 naga warriors
  2 occultists (Depths:3)
  10 spriggan berserkers
  A shock serpent (shapeshifter) (Depths:3)
  18 naga sharpshooters
  12 shock serpents
  3 soul eaters
  10 deep elf knights
  2 sun demons
  11 skeletal warriors
  8 iron trolls
  7 goliath frogs
  4 skysharks
  7 salamander mystics
  An orb spider (shapeshifter) (Depths:4)
  15 deep elf archers
  15 mana vipers
  12 swamp dragons
  2 glowing orange brains
  2 flayed ghosts
  A quicksilver dragon simulacrum (Zot:3)
  5 spriggan druids
  5 arcanists
  Lodul (D:12)
  47 deep trolls
  3 bog bodies
  12 naga ritualists
  4 phantasmal warriors
  13 orc knights
  15 lindwurms
  An obsidian bat (Orc:1)
  17 ironbound convokers
  38 deep elf pyromancers
  24 deep elf zephyrmancers
  A shadow dragon skeleton (Depths:1)
  6 orc sorcerers
  8 necromancers
  A wolf spider (Lair:5)
  25 salamanders
  23 moths of wrath
  34 ugly things
  2 will-o-the-wisps (Swamp:4)
  Maurice (Orc:2)
  19 cyclopes
  Joseph (D:7)
  A molten gargoyle (Desolation)
  3 meliai (D:13)
  3 kobold blastminers (Orc:2)
  15 naga magi
  26 vault sentinels
  10 guardian serpents
  23 elephants
  An eye of devastation (shapeshifter) (Vaults:3)
  A smoke demon (Depths:1)
  2 ice statues (IceCv)
  58 black mambas
  11 cane toads
  3 gargoyles
  A torpor snail (Lair:3)
  A kobold demonologist (D:13)
  40 yaktaurs
  5 rime drakes
  An efreet (D:15)
  3 freezing wraiths
  2 golden dragon simulacra
  6 ice devils (IceCv)
  4 tengu conjurers
  15 komodo dragons
  An anaconda simulacrum (IceCv)
  A ghost moth simulacrum (Zot:3)
  A bloated husk (Swamp:3)
  18 hornets
  13 tyrant leeches
  4 polar bears
  7 trolls
  31 blink frogs
  58 saltlings (Desolation)
  Grinder (D:3)
  A glass eye (shapeshifter) (Vaults:5)
  A glass eye (Depths:1)
  12 dream sheep
  A raiju (shapeshifter) (Depths:3)
  A snapping turtle (shapeshifter) (D:14)
  A culicivora (Vaults:3)
  24 slime creatures
  3 air elementals (Elf:1)
  A shadow (D:9)
  2 wraiths
  12 spriggans
  A spriggan skeleton (Depths:1)
  6 water elementals
  13 wyverns
  A human (D:11)
  4 basilisks
  4 fire elementals
  2 fire bats (Gauntlet)
  A chaos spawn (D:8)
  6 dire elephant simulacra (IceCv)
  6 steam dragons
  40 yaks
  A redback (shapeshifter) (Vaults:3)
  3 wargs
  3 redbacks
  17 vampire mosquitoes
  Menkaure (D:7)
  A harpy simulacrum (IceCv)
  14 swamp worms
  36 water moccasins
  35 nagas
  2 hydra simulacra (IceCv)
  5 acid dragons
  3 hell hounds (Gauntlet)
  A moth of wrath simulacrum (Zot:3)
  24 orc warriors
  12 swamp drakes
  2 ice beasts
  3 black bears
  18 ogres
  4 boggarts (D:15)
  33 wolves
  16 centaurs
  A phantom (D:4)
  2 kobold brigands
  7 bullfrogs
  Blork the orc (D:4)
  4 scorpions
  A gnoll sergeant (D:10)
  2 earth elementals
  5 wights (D:8)
  5 water moccasin zombies (Ossuary)
  A hornet simulacrum (D:14)
  A burial acolyte (Ossuary)
  14 killer bees
  6 howler monkeys
  2 bombardier beetles (D:5)
  3 jellies
  2 gnoll boudas
  13 orc priests
  4 hounds
  6 iguanas
  A sleepcap (D:7)
  Natasha (twice) (D:4)
  13 orc wizards
  2 spriggan simulacra (IceCv)
  A wolf simulacrum (IceCv)
  3 crocodile zombies (Ossuary)
  3 mummies
  17 gnolls
  A naga simulacrum (IceCv)
  8 adders
  3 shadow imps
  2 ufetubi (D:7)
  4 adder zombies (Ossuary)
  2 ribbon worms
  2 dart slugs (D:2)
  59 orcs
  4 ball pythons (D:1)
  7 endoplasms
  A giant cockroach (D:3)
  5 gnoll zombies (Ossuary)
  11 goblins
  8 hobgoblins
  7 jackals
  31 kobolds
  2 quokkas
  3 bats
  A frilled lizard (D:2)
  3 jackal zombies (Ossuary)
  5 orc zombies (Ossuary)
  7 rats
  2 aspiring fleshes
  A spectral weapon (Vaults:3)
2336 creatures vanquished.

Vanquished Creatures (others)
  A fire giant (Depths:1)
  A deep elf archer (Elf:3)
  A deep elf knight (Elf:3)
  4 bloated husks
  A draconian simulacrum (Zot:3)
  A swamp worm (Swamp:2)
  12 foxfires (Swamp:4)
21 creatures vanquished.

Grand Total: 2357 creatures vanquished

Notes
Turn   | Place    | Note
-------+----------+-------------------------------------------
     0 | D:1      | Kenran the Minotaur Alchemist began the quest for the Orb.
     0 | D:1      | Reached XP level 1. HP: 14/14 MP: 1/1
   161 | D:1      | Reached skill level 1 in Unarmed Combat
   232 | D:1      | Reached XP level 2. HP: 20/20 MP: 3/3
   726 | D:2      | Reached XP level 3. HP: 23/26 MP: 4/4
   738 | D:2      | Identified the +2 robe of Lifelessness {Int+3}
  1420 | D:3      | Reached XP level 4. HP: 33/33 MP: 5/5
  1573 | D:3      | Noticed Grinder
  1574 | D:3      | Paralysed by Grinder for 5 turns
  1583 | D:3      | Paralysed by Grinder for 3 turns
  1594 | D:3      | Killed Grinder
  1595 | D:3      | Reached XP level 5. HP: 18/38 MP: 6/6
  1595 | D:3      | Reached XP level 6. HP: 21/45 MP: 7/7
  2163 | D:4      | Found a sparkling altar of Nemelex Xobeh.
  2196 | D:4      | Paralysed by a gnoll for 4 turns
  2239 | D:4      | Paralysed by a gnoll for 3 turns
  2254 | D:4      | Paralysed by a gnoll for 4 turns
  2261 | D:4      | Paralysed by a gnoll for 2 turns
  2401 | D:4      | Reached XP level 7. HP: 50/50 MP: 8/8
  2419 | D:4      | Noticed Blork the orc
  2428 | D:4      | Killed Blork the orc
  2757 | D:4      | Noticed Natasha
  3065 | D:4      | Found a sparkling altar of Nemelex Xobeh.
  3236 | D:4      | Killed Natasha
  3736 | D:4      | Noticed Natasha
  3741 | D:4      | Killed Natasha
  3743 | D:4      | Found a sparkling altar of Nemelex Xobeh.
  3953 | D:5      | Entered Level 5 of the Dungeon
  4145 | D:5      | Found a sand-covered staircase.
  4154 | Ossuary  | Entered an ossuary
  4178 | Ossuary  | Reached skill level 10 in Unarmed Combat
  4178 | Ossuary  | Reached skill level 1 in Armour
  4178 | Ossuary  | Reached XP level 8. HP: 54/57 MP: 9/9
  4302 | Ossuary  | Reached skill level 5 in Armour
  4432 | D:5      | Reached skill level 1 in Fighting
  4434 | D:5      | Identified the +3 falchion of Agony {drain, ^Drain rF+
                  | Dex+3 Stlth+}
  4624 | D:5      | Found a burning altar of Makhleb.
  4682 | D:5      | Found a staircase to the Ecumenical Temple.
  4692 | Temple   | Entered the Ecumenical Temple
  4701 | Temple   | Became a worshipper of the Wu Jian Council
  4778 | D:5      | Found a blossoming altar of Fedhas.
  4778 | D:5      | Found a hazy altar of Hepliaklqana.
  5030 | D:6      | Reached skill level 5 in Fighting
  5229 | D:6      | Reached XP level 9. HP: 75/75 MP: 10/10
  5375 | D:6      | Found a transporter.
  5376 | D:6      | Noticed hattey's ghost (novice HuWn)
  5377 | D:6      | Identified the +6 great mace of the Scorching Gods {speed,
                  | rPois rF- Will++ Int+3}
  5665 | D:6      | Found a transporter.
  6150 | D:7      | Found Vintal's Island Escapes.
  6298 | D:7      | Found Temareegh's Armour Shoppe.
  6303 | D:7      | Bought a +0 buckler for 58 gold pieces
  6328 | D:7      | Noticed Menkaure
  6334 | D:7      | Killed Menkaure
  6370 | D:7      | Found a flagged portal.
  6385 | Bailey   | Entered a bailey
  6395 | Bailey   | Noticed an orc warlord
  6415 | Bailey   | Reached * piety under Wu Jian
  6453 | Bailey   | Noticed an orc knight
  6472 | Bailey   | Killed an orc knight
  6532 | Bailey   | Found a runed translucent gate.
  6534 | Bailey   | Found a runed translucent gate.
  6536 | Bailey   | Found a runed translucent gate.
  6710 | D:7      | Acquired a manual of Armour
  7057 | D:7      | Noticed Joseph
  7082 | D:7      | Killed Joseph
  7083 | D:7      | Reached XP level 10. HP: 72/83 MP: 11/11
  7199 | D:7      | Reached skill level 10 in Armour
  7415 | D:8      | Reached skill level 1 in Evocations
  7463 | D:8      | Reached ** piety under Wu Jian
  7473 | D:8      | Reached skill level 1 in Shields
  7705 | D:8      | Found a glowing silver altar of Zin.
  8241 | D:9      | Identified the +6 trident of Change {freeze, rF++ Will++
                  | Str-3}
  8488 | D:9      | Noticed a two-headed ogre
  8497 | D:9      | Killed a two-headed ogre
  8498 | D:9      | Reached skill level 5 in Shields
  8734 | D:10     | Entered Level 10 of the Dungeon
  8783 | D:10     | Reached XP level 11. HP: 82/97 MP: 12/12
  8855 | D:10     | Noticed a two-headed ogre
  8869 | D:10     | Killed a two-headed ogre
  8870 | D:10     | Reached skill level 10 in Fighting
  8886 | D:10     | Acquired the ring of Izyomm {Wiz rElec rPois rC+ Will-}
  9009 | D:10     | Found a staircase to the Lair.
  9042 | D:10     | Reached *** piety under Wu Jian
  9411 | D:10     | Identified the +2 robe of Negligence {*Slow +Blink rPois
                  | Int+2}
  9457 | Lair:1   | Entered Level 1 of the Lair of Beasts
  9786 | Lair:1   | Noticed Fannar
 10065 | Lair:1   | Killed Fannar
 10321 | Lair:2   | Noticed a catoblepas
 10588 | Lair:2   | Noticed a catoblepas
 10846 | Lair:2   | Killed a catoblepas
 10847 | Lair:2   | Reached skill level 15 in Unarmed Combat
 11015 | Lair:2   | Killed a catoblepas
 11016 | Lair:2   | Reached XP level 12. HP: 20/106 MP: 13/13
 11169 | Lair:2   | Found a staircase to the Swamp.
 11351 | Lair:2   | Reached **** piety under Wu Jian
 11454 | Lair:3   | Noticed a death yak
 11534 | Lair:3   | Noticed a death yak
 11561 | Lair:2   | Killed a death yak
 11602 | Lair:2   | Killed a death yak
 11767 | Lair:3   | Reached skill level 15 in Armour
 11828 | Lair:3   | Found a staircase to the Snake Pit.
 11945 | Lair:3   | Noticed a boulder beetle
 11960 | Lair:3   | Killed a boulder beetle
 12314 | Lair:3   | Reached ***** piety under Wu Jian
 12601 | Lair:4   | Reached XP level 13. HP: 114/114 MP: 14/14
 12916 | Lair:4   | Found a runed translucent gate.
 12918 | Lair:4   | Found a runed translucent gate.
 12919 | Lair:4   | Noticed ouz's ghost (journeyman MDFi)
 12934 | Lair:4   | Found a runed translucent gate.
 13632 | Lair:5   | Entered Level 5 of the Lair of Beasts
 13891 | Lair:5   | Reached skill level 5 in Evocations
 13985 | Lair:5   | Reached XP level 14. HP: 71/127 MP: 15/15
 14116 | Lair:5   | Reached ****** piety under Wu Jian
 14599 | Lair:5   | Identified the +1 kite shield of Entitlement {rF+ rN+ Str+3
                  | Dex+3}
 15380 | Lair:5   | Found a staircase to the Slime Pits.
 15381 | Lair:5   | Found a viscous altar of Jiyva.
 15679 | D:11     | Found a staircase to the Orcish Mines.
 16315 | D:12     | Noticed Lodul
 16316 | D:12     | Noticed Snorg
 16334 | D:12     | Killed Lodul
 16336 | D:12     | Killed Snorg
 16484 | D:12     | Reached XP level 15. HP: 138/138 MP: 16/16
 16692 | D:13     | Identified the ring "Zipexorr" {rElec rF- rC+++ Int-2
                  | Dex+6}
 16906 | D:13     | Found a frozen archway.
 16929 | IceCv    | Entered an ice cave
 17443 | D:13     | Found a white marble altar of Elyvilon.
 17773 | D:14     | Found a gate leading to a gauntlet.
 17811 | Gauntlet | Entered a Gauntlet
 17811 | Gauntlet | Found a transporter.
 17811 | Gauntlet | Found a transporter.
 17815 | Gauntlet | Found a transporter.
 17815 | Gauntlet | Found a transporter.
 17817 | Gauntlet | Found a large runed translucent door.
 17818 | Gauntlet | Found a large runed translucent door.
 17819 | Gauntlet | Found a large runed translucent door.
 17819 | Gauntlet | Found a large runed translucent door.
 17819 | Gauntlet | Found a runed translucent door.
 17820 | Gauntlet | Found a large runed translucent door.
 17821 | Gauntlet | Found a large runed translucent door.
 17822 | Gauntlet | Found a large runed translucent door.
 17822 | Gauntlet | Found a large runed translucent door.
 17823 | Gauntlet | Found a runed translucent gate.
 17825 | Gauntlet | Found a transporter.
 17835 | Gauntlet | Found a transporter.
 17838 | Gauntlet | Found a transporter.
 17859 | Gauntlet | Found a transporter.
 17861 | Gauntlet | Found a runed translucent gate.
 17861 | Gauntlet | Found a runed translucent gate.
 17863 | Gauntlet | Found a large runed translucent door.
 17864 | Gauntlet | Found a large runed translucent door.
 17868 | Gauntlet | Found a transporter.
 17882 | Gauntlet | Found a transporter.
 17889 | Gauntlet | Found a runed translucent door.
 17898 | Gauntlet | Found a large runed translucent door.
 17898 | Gauntlet | Found a large runed translucent door.
 17898 | Gauntlet | Found a large runed translucent door.
 17898 | Gauntlet | Found a large runed translucent door.
 17899 | Gauntlet | Found a large runed translucent door.
 17900 | Gauntlet | Found a large runed translucent door.
 17906 | Gauntlet | Found a transporter.
 17920 | Gauntlet | Found a transporter.
 17966 | Gauntlet | Found a transporter.
 17981 | Gauntlet | Found a transporter.
 18082 | Gauntlet | Found a transporter.
 18104 | Gauntlet | Found a transporter.
 18242 | Gauntlet | Identified the ring of Sucsac {rN+ Will+ Int+3 Dex+3}
 18345 | Gauntlet | Identified the +1 leather armour "Lattu" {Will++ SInv}
 18368 | Gauntlet | Acquired 808 gold pieces
 18476 | D:14     | Reached skill level 10 in Shields
 18649 | D:14     | Found a gate to the Vaults.
 19020 | D:14     | Found a blossoming altar of Fedhas.
 19268 | Orc:1    | Entered Level 1 of the Orcish Mines
 19290 | Orc:1    | Found Qecuffui's Antique Armour Emporium.
 19338 | Orc:1    | Found Januraum's Assorted Antiques.
 19342 | Orc:1    | Bought a pair of glowing gloves for 180 gold pieces
 19342 | Orc:1    | Found Elurugat's Weapon Shoppe.
 19350 | Orc:1    | Bought a potion of curing for 84 gold pieces
 19350 | Orc:1    | Bought a pair of embroidered gloves for 210 gold pieces
 19350 | Orc:1    | Bought a potion of curing for 84 gold pieces
 19390 | Orc:1    | Found Zutaguul's Distillery.
 19399 | Orc:1    | Found Mierch's Jewellery Boutique.
 19400 | Orc:1    | Bought a potion of might for 44 gold pieces
 19400 | Orc:1    | Bought a potion of haste for 110 gold pieces
 19870 | Orc:1    | Reached XP level 16. HP: 105/147 MP: 17/17
 19906 | Orc:1    | Found the +4 consecrated labrys {holy, Valiant ^Fragile Fly
                  | SInv}
 19911 | Orc:1    | Identified the +5 spear of Gravity {protect, Str+5}
 19950 | Orc:1    | Identified the +1 broad axe "Grum" {heavy, +Blink rElec}
 20117 | Orc:2    | Entered Level 2 of the Orcish Mines
 20117 | Orc:2    | Found Raluyze's Distillery.
 20120 | Orc:2    | Found a staircase to the Elven Halls.
 20158 | Orc:2    | Bought a potion of heal wounds for 60 gold pieces
 20158 | Orc:2    | Bought a potion of might for 48 gold pieces
 20158 | Orc:2    | Bought a potion of might for 48 gold pieces
 20158 | Orc:2    | Bought a potion of haste for 120 gold pieces
 20170 | Orc:2    | Found Duekhid's General Store.
 20193 | Orc:2    | Gained mutation: Your mind is acute. (Int +4, Str/Dex -1)
                  | [a neqoxec]
 20198 | Orc:1    | Reached skill level 15 in Fighting
 20277 | Orc:2    | Found Uzagirph's Antique Armour Boutique.
 20315 | Orc:2    | Bought a scroll of teleportation for 42 gold pieces
 20403 | Orc:2    | Noticed Maurice
 20409 | Orc:2    | Something stole a Gell's gravitambourine (2/2)
 20413 | Orc:2    | Killed Maurice
 20421 | Orc:2    | Found Jeog's Book Emporium.
 20639 | Orc:2    | Found Qemanod's Antique Weapon Shop.
 20942 | D:15     | Entered Level 15 of the Dungeon
 21069 | D:15     | Found a runed translucent gate.
 21217 | D:15     | Found a runed translucent gate.
 21218 | D:15     | Found a runed translucent gate.
 21411 | D:15     | Found a staircase to the Depths.
 21646 | D:15     | Noticed Pesehast's ghost (journeyman DrMo)
 21648 | D:15     | Noticed Louise
 21655 | D:15     | Killed Louise
 22079 | Snake:1  | Entered Level 1 of the Snake Pit
 22116 | Snake:1  | Found Qelloadgh's Antique Armour Emporium.
 22127 | Snake:1  | Bought a pair of runed boots for 195 gold pieces
 22127 | Snake:1  | Bought a pair of glowing gloves for 195 gold pieces
 22342 | Snake:1  | Identified the serpent talisman "Reega" {MP+9 Str+3 Int+4}
 22342 | Snake:1  | Noticed Aizul
 22353 | Snake:1  | Killed Aizul
 22576 | Snake:1  | Found Gokk's Clear Minds Boutique.
 22622 | Snake:1  | Bought the amulet of Beczah {Spirit rElec rC+ Str+3 Int+3
                  | Clar} for 1396 gold pieces
 22653 | Snake:1  | Noticed Frances
 22659 | Snake:1  | Killed Frances
 22788 | Snake:1  | Identified the amulet of Knowledge {Acrobat rC+ rCorr Str-3
                  | Slay+2}
 22811 | Snake:1  | Noticed Mlioglotl
 22827 | Snake:1  | Killed Mlioglotl
 23079 | Snake:2  | Acquired a granite talisman
 23563 | Snake:2  | Found a runed translucent gate.
 23563 | Snake:2  | Found a runed translucent gate.
 23563 | Snake:2  | Found a runed translucent gate.
 23563 | Snake:2  | Noticed Ciar's ghost (adept GrCj)
 23563 | Snake:2  | Noticed Busheng's ghost (adept DESh)
 23563 | Snake:2  | Noticed Worr's ghost (journeyman DgHu)
 23563 | Snake:2  | Noticed Werheac's ghost (adept DEEE)
 23698 | Snake:2  | Reached XP level 17. HP: 138/163 MP: 18/18
 24610 | Snake:3  | Noticed Vashnia
 24641 | Snake:3  | Killed Vashnia
 24664 | Snake:3  | HP: 5/163 [constriction (5)]
 25599 | Snake:3  | Found a runed translucent door.
 25600 | Snake:3  | Noticed Puohiom's ghost (adept KoEn)
 25899 | Snake:4  | Entered Level 4 of the Snake Pit
 25947 | Snake:3  | HP: 2/163 [mana viper (12)]
 26280 | Snake:4  | HP: 3/163 [naga sharpshooter/arrow (7)]
 27978 | Snake:4  | Reached XP level 18. HP: 155/172 MP: 15/19
 29120 | Snake:4  | Reached skill level 15 in Shields
 29561 | Snake:4  | Got a serpentine rune of Zot
 29890 | Swamp:1  | Entered Level 1 of the Swamp
 29979 | Swamp:1  | Found a transporter.
 30053 | Swamp:1  | Noticed kuniqs's ghost (adept DEHs)
 30054 | Swamp:1  | Found a transporter.
 32143 | Swamp:3  | Identified the +0 scale mail of the Seven Nights {-Tele
                  | rC++ rCorr}
 32278 | Swamp:4  | Entered Level 4 of the Swamp
 33006 | Swamp:4  | Reached XP level 19. HP: 124/182 MP: 13/20
 33384 | Swamp:4  | Got a decaying rune of Zot
 33419 | Swamp:4  | Upgraded the game from 0.32-a0-891-gc41d80381e to
                  | 0.32-a0-898-g7811c86cf0
 33682 | Vaults:1 | Entered Level 1 of the Vaults
 34748 | Vaults:1 | Found Feudghius's Weapon Emporium.
 35090 | Vaults:1 | Reached skill level 10 in Evocations
 35785 | Vaults:2 | Found a staircase to the Crypt.
 35785 | Vaults:2 | Found an ancient bone altar of Kikubaaqudgha.
 35786 | Vaults:2 | Found a basalt altar of Yredelemnul.
 35833 | Vaults:2 | Paralysed by a sphinx for 4 turns
 36277 | Vaults:2 | Found a crumbling gateway.
 36423 | Desolati | Entered the Desolation of Salt
 36616 | Desolati | Identified the ring of Reimbursement {rCorr Str+6}
 36977 | Desolati | Identified the +4 spear "Cast" {drain, rPois rC+}
 36997 | Desolati | Reached XP level 20. HP: 170/199 MP: 18/21
 37281 | Desolati | Got Sif Muna's Parchment of the Glacier and the Atmosphere
 37283 | Desolati | Identified the +1 pair of boots of the Quahog {+Blink
                  | Str+2}
 37435 | Desolati | Got the Thoughts on Blinking Fire
 37593 | Desolati | Identified the ring of Mileqari {^Drain Will++ Int+6
                  | Slay+5}
 37892 | Desolati | Got the Cyclopedia of the Queen Bee and Conflagration
 37894 | Desolati | Got Tatyimegh's Spellbook of Glamour
 37926 | Desolati | Got the Parchment of Firn
 38561 | Vaults:2 | Found Xirae's Armour Emporium.
 38975 | Vaults:3 | Noticed Asterion
 38987 | Vaults:3 | Killed Asterion
 39916 | Vaults:3 | Reached XP level 21. HP: 164/207 MP: 20/22
 41458 | Vaults:4 | Paralysed by a formless jellyfish for 1 turns
 41963 | Depths:1 | Entered Level 1 of the Depths
 42318 | Elf:1    | Entered Level 1 of the Elven Halls
 42715 | Elf:1    | Identified the +4 chain mail of the Little Devil {rC++}
 42866 | Elf:1    | Paralysed by an air elemental for 1 turns
 42883 | Elf:1    | Paralysed by an air elemental for 1 turns
 42897 | Elf:1    | Reached skill level 27 in Unarmed Combat
 43138 | Elf:2    | Found Rumor's Jewellery Shop.
 43277 | Elf:2    | Found a runed translucent gate.
 43277 | Elf:2    | Found a runed translucent gate.
 43280 | Elf:2    | Found a runed translucent gate.
 43808 | Elf:3    | Entered Level 3 of the Elven Halls
 44193 | Elf:3    | Reached XP level 22. HP: 143/206 MP: 15/23
 44620 | Elf:3    | Identified the +5 battleaxe "Kuec" {pain, Fly rPois Str+4
                  | Dex-3}
 44620 | Elf:3    | Identified the ring of Veexurgh {rC++ MP+9 Str-2 Int+6
                  | Dex-3}
 44892 | Elf:3    | Identified the +8 morningstar "Sesiy" {antimagic, rElec
                  | rF++ Will+}
 44892 | Elf:3    | Identified the +5 sling of False Hope {freeze, Will+ rCorr
                  | Str+4}
 44892 | Elf:3    | Identified the +0 leather armour "Zuah" {Str+3}
 45082 | Elf:3    | Identified the +6 chain mail "Taemat" {rN++ Dex-4}
 45225 | Elf:3    | Identified the +1 halberd of Strategic Superiority {venom,
                  | Int+3}
 45397 | Elf:3    | Identified the +0 plate armour of Dithmenos's Reproof
                  | {rPois Str+4}
 45496 | Elf:3    | Got the Disquisition on Peregrination
 45502 | Elf:3    | Identified the +0 helmet of the Kappa {Rampage rC+ Int+3}
 45505 | Elf:3    | Got the Parchment of the Escort and Enchantment
 45509 | Elf:3    | Got Sif Muna's Compilation of the Blustery Escort
 45521 | Elf:3    | Identified the +0 chain mail of Articulation {Int+3}
 46039 | Depths:1 | Noticed Mara
 46050 | Depths:1 | Killed Mara
 46265 | Depths:1 | Found a gateway to Hell.
 46275 | Depths:1 | Found a one-way gate to the infinite horrors of the Abyss.
 46293 | Depths:1 | Found a shadowy altar of Dithmenos.
 47809 | Depths:2 | Identified the +4 flail "Mema" {vamp, rN+ Will+ Dex-4
                  | Stlth+}
 47858 | Depths:2 | Reached skill level 5 in Dodging
 47896 | Depths:2 | Reached XP level 23. HP: 196/224 MP: 24/24
 47979 | Depths:2 | Noticed a juggernaut
 47983 | Depths:2 | Killed a juggernaut
 48377 | Depths:2 | Noticed a juggernaut
 48380 | Depths:2 | Noticed a juggernaut
 48381 | Depths:2 | Noticed an ancient lich
 48386 | Depths:2 | Killed a juggernaut
 48387 | Depths:2 | Killed a juggernaut
 48390 | Depths:2 | Killed an ancient lich
 48390 | Depths:2 | Noticed an ancient lich
 48408 | Depths:2 | Killed an ancient lich
 48612 | Depths:2 | Found a faded altar of an unknown god.
 48911 | Depths:2 | Identified the +2 scale mail of Tojeyj {+Blink rC- rN+
                  | rCorr}
 49224 | Depths:2 | Found a one-way gate leading to the halls of Pandemonium.
 50690 | Depths:4 | Entered Level 4 of the Depths
 50791 | Depths:4 | Noticed Jory
 50802 | Depths:4 | Killed Jory
 50858 | Depths:4 | Noticed a juggernaut
 50873 | Depths:4 | Killed a juggernaut
 51155 | Depths:4 | Noticed a juggernaut
 51169 | Depths:4 | Killed a juggernaut
 51217 | Depths:4 | Found a one-way gateway to a ziggurat.
 51483 | Depths:4 | Found a gate to the Realm of Zot.
 51557 | Depths:4 | Noticed a caustic shrike
 51557 | Depths:4 | Noticed a caustic shrike
 51557 | Depths:4 | Noticed a caustic shrike
 51567 | Depths:4 | Killed a caustic shrike
 51570 | Depths:4 | Killed a caustic shrike
 51571 | Depths:4 | Reached XP level 24. HP: 165/235 MP: 15/24
 52197 | Vaults:5 | Entered Level 5 of the Vaults
 52197 | Vaults:5 | Noticed Saint Roka
 52208 | Vaults:5 | Noticed an ancient lich
 52236 | Vaults:5 | Killed Saint Roka
 52242 | Vaults:5 | Killed an ancient lich
 52319 | Vaults:5 | Found Foshij's Antique Armour Shop.
 52327 | Vaults:5 | Noticed an ancient lich
 52342 | Vaults:5 | Killed an ancient lich
 52351 | Vaults:5 | Noticed an ancient lich
 52371 | Vaults:4 | Reached skill level 10 in Dodging
 52688 | Vaults:4 | Killed an ancient lich
 52727 | Vaults:5 | Acquired 784 gold pieces
 52757 | Vaults:5 | Noticed an ancient lich
 52767 | Vaults:5 | Killed an ancient lich
 52937 | Vaults:5 | Bought a twisted plate armour for 952 gold pieces
 52937 | Vaults:5 | Identified the +3 plate armour of Quiet Fog {^Contam rPois
                  | rC+} (You bought it in a shop on level 5 of the Vaults)
 52974 | Vaults:5 | Found Xox Tetz's Antique Armour Boutique.
 53082 | Vaults:5 | Noticed an ancient lich
 53084 | Vaults:5 | Killed an ancient lich
 53233 | Vaults:5 | Identified the ring of Jehir {MP+9 Dex+2 Stlth+}
 53270 | Vaults:5 | Identified the +2 robe of Byraxky {Regen+}
 53324 | Vaults:5 | Found the +0 pair of gloves of the gadgeteer {Gadgeteer
                  | Wandboost ^Fragile}
 53385 | Vaults:5 | Found Sifyd's General Store.
 54135 | Vaults:5 | Got a silver rune of Zot
 54141 | Vaults:5 | Identified the amulet "Ceclaod" {rPois rC- Will+++ Regen+
                  | Dex-2}
 54238 | Vaults:5 | Reached XP level 25. HP: 234/247 MP: 21/24
 54657 | Zot:1    | Entered Level 1 of the Realm of Zot
 54876 | Zot:1    | Reached skill level 15 in Evocations
 55359 | Zot:1    | Identified the +8 trident of Contradiction {freeze, Int+3
                  | Dex+3}
 58000 | Zot:2    | Noticed a Killer Klown
 58033 | Zot:2    | Killed a Killer Klown
 58691 | Zot:3    | Identified the ring "Tuoroet" {Ice rN+ Str-5 Int+5}
 58691 | Zot:3    | Noticed Josephina
 58784 | Zot:3    | Killed Josephina
 58954 | Zot:3    | Reached skill level 27 in Armour
 59476 | Zot:3    | Noticed Vv
 59486 | Zot:3    | Noticed a Killer Klown
 59496 | Zot:3    | Killed Vv
 59512 | Zot:3    | Killed a Killer Klown
 59587 | Zot:3    | Reached XP level 26. HP: 237/259 MP: 22/24
 60112 | Zot:3    | Identified the granite talisman "Terchi Amuept" {rC+ Dex+3}
 61383 | Zot:5    | Entered Level 5 of the Realm of Zot
 61634 | Zot:5    | Reached skill level 15 in Dodging
 62110 | Zot:5    | Noticed an orb of fire
 62113 | Zot:5    | Noticed a dread lich
 62113 | Zot:5    | Gained mutation: Your health recovers twice as slowly from
                  | being drained. [an orb of fire]
 62354 | Zot:5    | Noticed an orb of fire
 62363 | Zot:5    | Noticed an orb of fire
 62366 | Zot:5    | Gained mutation: You are weak. (Str -2) [an orb of fire]
 62490 | Zot:4    | Killed an orb of fire
 62490 | Zot:4    | Killed a dread lich
 62541 | Zot:5    | Noticed an orb of fire
 62706 | Zot:4    | Killed an orb of fire
 62869 | Zot:5    | Gained mutation: Potions are less effective at restoring
                  | your health. [an orb of fire]
 62872 | Zot:5    | Killed an orb of fire
 62918 | Zot:5    | Killed an orb of fire
 63416 | Orc:2    | Bought a potion of mutation for 96 gold pieces
 63416 | Orc:2    | Bought 2 potions of mutation for 192 gold pieces
 63416 | Orc:2    | Bought a potion of cancellation for 96 gold pieces
 63416 | Orc:2    | Bought a potion of curing for 36 gold pieces
 63732 | Zot:5    | Lost mutation: Potions are less effective at restoring your
                  | health. [potion of mutation]
 63732 | Zot:5    | Lost mutation: You are weak. (Str -2) [potion of mutation]
 63732 | Zot:5    | Gained mutation: You are weak. (Str -2) [potion of
                  | mutation]
 63732 | Zot:5    | Gained mutation: You expend magic power (3 MP) to
                  | strengthen your wands. [potion of mutation]
 63733 | Zot:5    | Lost mutation: You expend magic power (3 MP) to strengthen
                  | your wands. [potion of mutation]
 63733 | Zot:5    | Lost mutation: Your health recovers twice as slowly from
                  | being drained. [potion of mutation]
 63733 | Zot:5    | Gained mutation: You do not regenerate when monsters are
                  | visible. [potion of mutation]
 63733 | Zot:5    | Lost mutation: You do not regenerate when monsters are
                  | visible. [potion of mutation]
 63733 | Zot:5    | Gained mutation: You possess an exceptional clarity of
                  | mind. [potion of mutation]
 63734 | Zot:5    | Reached XP level 27. HP: 271/271 MP: 24/24
 63774 | Zot:5    | Noticed a dread lich
 63794 | Zot:5    | Killed a dread lich
 63807 | Zot:5    | Reached skill level 27 in Fighting
 63935 | Zot:5    | Noticed an orb of fire
 63953 | Zot:5    | Killed an orb of fire
 64312 | Zot:5    | Noticed a dread lich
 64316 | Zot:5    | Killed a dread lich
 64973 | Zot:5    | Got the Orb of Zot
 65515 | D:$      | Escaped with the Orb!

Illustrated notes

Levels and vault maps discovered:
D:1:      scummos_arrival_forest, layout_loops_ring, minmay_pentomino_s2
D:2:      layout_loops_ring
D:3:      layout_loops_ring, uniq_grinder
D:4:      layout_loops_ring, mainiacjoe_overflow_brackets, uniq_natasha,
          uniq_blork_the_orc
D:5:      corexii_shack_village, layout_rooms, bloody_makhleb,
          nicolae_overflow_two_pavilions, minmay_temple_entry_hall,
          gup_ossuary_entry_pyramid
D:6:      layout_layer_cave, gammafunk_ghost_smash
D:7:      layout_layer_cave, enter_bailey_4, serial_shops,
          nicolae_shop_hallway_plus, nicolae_island_escapes, uniq_menkaure,
          uniq_joseph
D:8:      layout_cave_pools, zin_statuary, hangedman_abyss_or_decor_clamps
D:9:      layout_irregular_city
D:10:     layout_loops_ring, lair_entry_dummy, kennysheep_generic_room_5
D:11:     layout_irregular_city, erik_orc_4, eino_jars
D:12:     layout_cross, moated_statue, uniq_snorg, uniq_lodul
D:13:     layout_rooms, portal_ice_cave_rime, elyvilon_altar_3
D:14:     layout_roguey, david_vaults_1, gauntlet_entry_generic,
          fedhas_altar_fruit_tree
D:15:     hangedman_depths_entry_civil_slaughter, layout_irregular_city,
          serial_glass, glass_columns_a, glass_columns_c, glass_columns_c,
          glass_columns_a, glass_columns_c, glass_columns_b, item_on_display_a,
          minmay_strange_pillars, item_on_display_b, feat_on_display,
          minmay_misc_feat_alley, gammafunk_ghost_spectres, uniq_louise
Temple:   sentei_temple_godly_chess
Lair:1:   layout_loops_ring, wad_woods_road_04, infiniplex_staircase_pool,
          grunt_megastairs_2, lemuel_fruit_tree, uniq_fannar
Lair:2:   layout_hall_layers, mainiacjoe_swamp_entry_lozenge_pond, st_stairs_11
Lair:3:   layout_gridlike, minmay_snake_entry_six_corridors, st_stairs_12
Lair:4:   layout_concentric_octagons, gammafunk_ghost_hydra_chop,
          serial_bayou_shore_b
Lair:5:   guppyfry_lair_end_dragon, layout_hall_layers,
          hangedman_lair_tendril_chambers, slime_entry_1
Swamp:1:  layout_falls_marsh, gammafunk_ghost_mausoleum,
          evilmike_swamp_ruin_house_6, swamp_pool_3
Swamp:2:  layout_basic_swamp, evilmike_swamp_ruin_rubble_1
Swamp:3:  layout_basic_swamp, nicolae_swamp_stair_fork
Swamp:4:  swamp, layout_basic_swamp, swamp_pool_3
Snake:1:  layout_rooms, nicolae_clarity_for_sale, grunt_megastairs_5,
          minmay_shop_star, uniq_aizul, uniq_frances, uniq_mlioglotl
Snake:2:  layout_misc_corridors, gammafunk_ghost_cemetery, nicolae_letterblocks
          [nicolae_letter_subblock, nicolae_letter_subblock,
          nicolae_letter_subblock, nicolae_letter_subblock,
          nicolae_letter_subblock, nicolae_letter_subblock,
          nicolae_letter_subblock, nicolae_letter_subblock,
          nicolae_letter_subblock, nicolae_letter_subblock,
          nicolae_letter_subblock, nicolae_letter_subblock,
          nicolae_letter_subblock, nicolae_letter_subblock,
          nicolae_letter_subblock, nicolae_letter_subblock,
          nicolae_letter_subblock, nicolae_letter_subblock,
          nicolae_letter_subblock, nicolae_letter_subblock,
          nicolae_letter_subblock, nicolae_letter_subblock,
          nicolae_letter_subblock, nicolae_letter_subblock,
          nicolae_letter_subblock], grunt_megastairs_1
Snake:3:  layout_chambers, ebering_ghost_inner_flame, uniq_vashnia
Snake:4:  snake_pit_salamanders_mu, layout_cave_town, serial_bayou_shore_b
Orc:1:    giant_chief_lemuel, layout_caves, serial_shops, shop, shop, shop,
          nicolae_shop_stone, nicolae_shop_temple_entry_statues_fountains
Orc:2:    grunt_orc_gardens, layout_diamond_mine, grunt_orc_garden,
          grunt_orc_garden, grunt_orc_garden, grunt_orc_garden, serial_shops,
          shop, uniq_maurice
Elf:1:    eino_elf_arrival_customs, layout_rooms, evilmike_minifort, drop_trap,
          grunt_ministairs_7
Elf:2:    nicolae_elf_blades_splatter_lattice [nicolae_blade_little_rooms],
          layout_onion_city, serial_shops, nicolae_shop_tiny_real_fake_doors,
          uniq_agnes
Elf:3:    minmay_elf_hall_statues, layout_geoelf_octagon
Vaults:1: v_misc_13, nicolae_vaults_network_quinsquares
          [nicolae_vaults_network_quincunx_subvault,
          nicolae_vaults_network_quincunx_subvault,
          nicolae_vaults_network_quincunx_subvault,
          nicolae_vaults_network_quincunx_subvault],
          nicolae_vaults_tetromino_T_1, nicolae_vaults_shipping_containers_5,
          nicolae_vaults_weapon_check, nicolae_vaults_taking_the_gang_shopping,
          ontoclasm_vaults_loading_screen, vaults_room_semicircle,
          layout_vaults_omnigrid
Vaults:2: portal_desolation_entry_garden, nicolae_vaults_steering_wheel,
          nicolae_vaults_doubleplus_tesselated,
          nicolae_vaults_closet_pinwheel_1,
          vaults_standard_mumra_enter_the_diamond, nicolae_vaults_puzzle_piece,
          nicolae_vaults_lightning_bolt, minmay_crypt_entry_necro_gods,
          vaults_mumra_minichess, nicolae_vaults_tetromino_L_1,
          nicolae_vaults_double_plus_1, layout_vaults_ring, serial_shops,
          nicolae_shop_tiny_glass
Vaults:3: ontoclasm_vaults_gateway, nicolae_vaults_hallways_thing,
          st_greater_box_4, v_misc_13, vaults_dpeg_ring,
          nicolae_vaults_sealed_display, v_rooms_3, ontoclasm_vaults_chip,
          vaults_mumra_hexcomb, v_misc_27, layout_vaults_maze_snakey,
          uniq_asterion
Vaults:4: grunt_vaults_hallway_long, vaults_room_fours,
          ontoclasm_vaults_shuriken, vaults_dpeg_spiral,
          nicolae_vaults_tetromino_T_2, v_misc_22, v_pattern_1,
          nicolae_vaults_more_shelving_1, v_misc_23, nicolae_vaults_diamond_2,
          layout_vaults_omnicross
Vaults:5: uniq_saint_roka
Depths:1: layout_basic, abyss_entry, kennysheep_cross_landing,
          hangedman_geh_valley, grunt_dithmenos_smoke_and_mirrors, uniq_mara
Depths:2: regret_index_infernal_bastille, layout_gridlike, hellmouth_3,
          abyss_entry_crystal, kennysheep_donut, rand_demon_pan_entry_1,
          corexii_leaking_fountain, st_stairs_10
Depths:3: minmay_the_grid_octo_tiled_squarecenter [minmay_the_grid_octo_77,
          minmay_the_grid_octo_fan_narrow, minmay_the_grid_octo_tetromino_candy,
          minmay_the_grid_octo_checkerflower,
          minmay_the_grid_square_5x5_megaprize_hollow,
          minmay_the_grid_square_5x5_tie,
          minmay_the_grid_square_5x5_eight_small,
          minmay_the_grid_square_5x5_hourglass,
          minmay_the_grid_square_5x5_tetrominoes], layout_gridville, hell_entry,
          nicolae_abyss_entry_one_way_or_another
Depths:4: grunt_zot_entry_tricorne, layout_gridlike, enter_ziggurat_e,
          hangedman_decor_slide_cut, hangedman_coc_ice_floe, minmay_hedge_maze,
          uniq_jory
Zot:1:    layout_gridlike, regret_index_zotdec_silver_v_v_loose
Zot:2:    kennysheep_oblong_rooms, layout_gridlike
Zot:3:    layout_basic, uniq_vv, uniq_josephina
Zot:4:    layout_gridville, grunt_ministairs_7
Zot:5:    layout_cellular_growth, nicolae_tricolors

Skill      XL: |  1  2  3  4  5  6  7  8  9 10 11 12 13 14 15 16 17 18 19 20 21 22 23 24 25 26 27 |
---------------+----------------------------------------------------------------------------------+-----
Unarmed Combat | 1 3 4 6 8 10 11 12 15 16 18 20 22 24 25 27 | 27.0
Armour         | 1 6 9 10 12 18 20 21 22 24 25 26 27 | 27.0
Fighting       | 6 9 10 12 14 17 18 19 22 23 24 25 26 27 | 27.0
Evocations     | 4 5 6 7 10 12 13 14 15 | 15.0
Shields        | 5 6 8 12 14 15 18 20 21 22 23 25 26 | 26.4
Dodging        | 5 8 11 13 16 17 | 17.7
Stealth        | |  1.5
Spellcasting   | |  1.3
Conjurations   | |  0.6
Alchemy        | |  2.1

Action                     |  1- 3 |  4- 6 |  7- 9 | 10-12 | 13-15 | 16-18 | 19-21 | 22-24 | 25-27 || total
---------------------------+-------+-------+-------+-------+-------+-------+-------+-------+-------++-------
  Melee: Unarmed           |   121 |    99 |   420 |   738 |  1476 |  1653 |  1706 |  1569 |  1292 ||  9074
         Headbutt          |    19 |    19 |    79 |   189 |   334 |   366 |   450 |   442 |   425 ||  2323
         Punch             |     3 |     2 |    15 |       |       |       |       |       |       ||    20
 Invoke: Serpent's Lash    |       |       |       |       |     5 |     9 |     4 |     4 |     7 ||    29
         Heavenly Storm    |       |       |       |       |       |       |       |     1 |       ||     1
Ability: Lunge             |       |       |    11 |    23 |    72 |    91 |   110 |   118 |    70 ||   495
         Whirlwind         |       |       |       |    42 |   469 |   394 |   356 |   268 |   127 ||  1656
         Wall Jump         |       |       |       |     1 |    13 |     4 |     6 |     9 |     6 ||    39
  Evoke: Wand              |       |       |     1 |     3 |       |       |       |       |       ||     4
         Gell's gravitambo |       |       |       |       |       |       |       |       |     1 ||     1
    Use: Scroll            |     4 |     2 |    17 |    10 |     4 |    13 |     6 |     4 |     8 ||    68
         Potion            |       |     1 |     9 |       |     1 |    17 |     5 |     2 |     4 ||    39
   Stab: Sleeping          |     1 |       |       |       |       |       |       |       |       ||     1
         Paralysed         |       |       |     1 |     2 |       |       |       |       |       ||     3
         Petrified         |       |       |       |     4 |       |       |       |       |       ||     4
         Petrifying        |       |       |       |     1 |       |       |       |       |       ||     1
         Fleeing           |       |       |       |       |       |     1 |       |       |       ||     1
         Invisible         |       |       |       |       |       |     1 |       |       |       ||     1
         Distracted        |       |       |       |       |       |       |       |     1 |       ||     1
 Armour: Leather armour    |    71 |    59 |       |       |       |       |       |       |       ||   130
         Plate armour      |       |       |   312 |   592 |   900 |  1138 |   709 |   585 |   552 ||  4788
         Scale mail        |       |       |    11 |       |       |       |       |       |       ||    11
         Skin              |       |       |    24 |       |       |       |     2 |       |       ||    26
  Dodge: Dodged            |    51 |    38 |    85 |   136 |   260 |   264 |   162 |   161 |   179 ||  1336
  Block: Buckler           |       |       |    12 |   108 |   102 |       |       |       |       ||   222
         Kite shield       |       |       |       |       |   330 |   593 |       |       |       ||   923
         Tower shield      |       |       |       |       |       |   340 |   882 |   701 |   671 ||  2594
         Reflection        |       |       |       |       |       |    10 |    84 |    43 |    11 ||   148

Table legend: (Time is in decaauts)
 A = Elapsed time spent in this place.
 B = Non-inter-level travel time spent in this place.
 C = Inter-level travel time spent in this place.
 D = Time resting spent in this place.
 E = Time spent auto-exploring this place.
 F = Levels seen in this place.
 G = Mean time per level.
                   A        B        C        D        E       F      G
               +--------+--------+--------+--------+--------+-----+--------+
         Total |  64038 |  59492 |   4546 |  17801 |  27620 |  53 | 1208.3 |
       Dungeon |  13953 |  12220 |   1733 |   1062 |   8225 |  15 |  930.2 |
        Temple |     18 |     10 |      8 |      0 |      0 |   1 |   18.0 |
          Lair |   6210 |   5633 |    577 |   1089 |   2809 |   5 | 1242.0 |
         Swamp |   3744 |   3587 |    157 |   1419 |   1468 |   4 |  936.0 |
     Snake Pit |   7574 |   7274 |    300 |   3319 |   2505 |   4 | 1893.5 |
  Orcish Mines |   1730 |   1474 |    256 |    101 |    965 |   2 |  865.0 |
   Elven Halls |   3333 |   3206 |    127 |    850 |   1592 |   3 | 1111.0 |
        Vaults |   8548 |   8131 |    417 |   2477 |   3753 |   5 | 1709.6 |
        Depths |   6403 |   5911 |    492 |   2048 |   2725 |   4 | 1600.8 |
           Zot |   9427 |   8951 |    476 |   4469 |   2805 |   5 | 1885.4 |
       Ossuary |    191 |    191 |      0 |      0 |     69 |   1 |  191.0 |
        Bailey |    300 |    300 |      0 |     53 |     11 |   1 |  300.0 |
      Ice Cave |    416 |    416 |      0 |     63 |    103 |   1 |  416.0 |
    Desolation |   1556 |   1556 |      0 |    778 |    264 |   1 | 1556.0 |
      Gauntlet |    627 |    627 |      0 |     69 |    325 |   1 |  627.0 |
               +--------+--------+--------+--------+--------+-----+--------+

Top non-repeatable levels by time:
 Snake:4: 3033 daAuts
   Zot:2: 2969 daAuts
 Snake:3: 2624 daAuts
Vaults:1: 2236 daAuts
   Zot:5: 2217 daAuts
   Elf:3: 1877 daAuts
Depths:1: 1844 daAuts
     D:4: 1824 daAuts
Vaults:5: 1772 daAuts
Depths:2: 1753 daAuts
Vaults:4: 1702 daAuts
   Zot:4: 1673 daAuts
Vaults:3: 1608 daAuts
    D:14: 1594 daAuts
  Lair:5: 1580 daAuts
